[Event "36th Balaton Open A 2018"]
[Site "Balatonlelle"]
[Date "2018.06.12"]
[Round "1.1"]
[White "Pallagi, Janos"]
[Black "Nagy, Daniel"]
[Result "0-1"]
[ECO "A13"]
[WhiteElo "1967"]
[BlackElo "2312"]
[Annotator "ChessBase"]
[PlyCount "106"]
[EventDate "2018.06.12"]
[EventType "swiss"]
[EventCountry "HUN"]
[SourceTitle "playchess.com"]
[Source "ChessBase"]
[SourceQuality "1"]
[TimeControl "40/5400+30:1800+30"]

1. Nf3 d5 2. c4 e6 3. b3 c5 4. g3 Nc6 5. Bb2 Nf6 6. Bg2 d4 7. O-O e5 8. d3 Bd6 9. Na3 O-O 10. Nc2 h6 11. a3 Re8 12. e3 a5 13. exd4 cxd4 14. Re1 Nd7 15. Rb1 f5 16. Bc1 Nf6 17. Nd2 Bc7 18. b4 axb4 19. axb4 Ne7 20. Nb3 Ng6 21. h4 Rb8 22. h5 Nf8 23. b5 Ne6 24. Nb4 Bd6 25. Nd5 Nc5 26. Nxc5 Bxc5 27. Rb2 Qd6 28. Nxf6+ Qxf6 29. Rbe2 Bd7 30. Bd5+ Kh8 31. Kg2 Bd6 32. Rh1 Be6 33. Bxe6 Rxe6 34. Rh4 Rbe8 35. Bb2 Qf7 36. Re1 Bb4 37. Rf1 Be7 38. Rhh1 Bc5 39. Rh4 e4 40. dxe4 fxe4 41. Rf4 Rf6 42. Rxf6 Qxf6 43. Qg4 Qf7 44. Re1 Rf8 45. Qf4 d3 46. Qxf7 Rxf7 47. Rf1 d2 48. f4 exf3+ 49. Kh2 Re7 50. Bc3 Re2+ 51. Kh3 f2 52. Kg2 Kg8 53. Rd1 Re1 0-1

[Event "36th Balaton Open A 2018"]
[Site "Balatonlelle"]
[Date "2018.06.12"]
[Round "1.2"]
[White "Haszon, David"]
[Black "Tancsa, Tamas"]
[Result "1/2-1/2"]
[ECO "C71"]
[WhiteElo "2246"]
[BlackElo "1965"]
[Annotator "ChessBase"]
[PlyCount "69"]
[EventDate "2018.06.12"]
[EventType "swiss"]
[EventCountry "HUN"]
[SourceTitle "playchess.com"]
[Source "ChessBase"]
[SourceQuality "1"]
[TimeControl "40/5400+30:1800+30"]

1. e4 e5 2. Nf3 Nc6 3. Bb5 a6 4. Ba4 d6 5. d4 b5 6. Bb3 Nxd4 7. Nxd4 exd4 8. c3 dxc3 9. Nxc3 Nf6 10. e5 dxe5 11. Bxf7+ Ke7 12. Qxd8+ Kxd8 13. Bg5 h6 14. Bh4 Bd6 15. O-O-O Ke7 16. Bd5 Rb8 17. Rhe1 g5 18. Bg3 Nxd5 19. Bxe5 Bxe5 20. Rxd5 Rb6 21. Rexe5+ Re6 22. Rc5 Rxe5 23. Rxe5+ Kd6 24. Rd5+ Kc6 25. b4 Rf8 26. Rc5+ Kb7 27. Nd1 Rf5 28. Rc3 c5 29. bxc5 Kc6 30. Kd2 Rxc5 31. Nb2 Bf5 32. f3 b4 33. Rxc5+ Kxc5 34. Nd3+ Kb5 35. g3 1/2-1/2

[Event "36th Balaton Open A 2018"]
[Site "Balatonlelle"]
[Date "2018.06.12"]
[Round "1.3"]
[White "Zilahi, Gabor"]
[Black "Terbe, Julianna"]
[Result "1/2-1/2"]
[ECO "D10"]
[WhiteElo "1934"]
[BlackElo "2242"]
[Annotator "ChessBase"]
[PlyCount "88"]
[EventDate "2018.06.12"]
[EventType "swiss"]
[EventCountry "HUN"]
[SourceTitle "playchess.com"]
[Source "ChessBase"]
[SourceQuality "1"]
[TimeControl "40/5400+30:1800+30"]

1. d4 d5 2. e3 Bf5 3. c4 c6 4. Nc3 e6 5. Qb3 Qc7 6. Bd2 Nd7 7. cxd5 exd5 8. Rc1 Qb6 9. Qxb6 axb6 10. Nf3 Ngf6 11. Be2 Bd6 12. Nh4 Bg6 13. Nxg6 hxg6 14. h3 O-O 15. O-O b5 16. a3 Nb6 17. Rc2 Rfe8 18. Bd3 Na4 19. Nb1 Ne4 20. Bc1 Nb6 21. b3 Nd7 22. Re1 Ndf6 23. g4 g5 24. f3 Bg3 25. Rf1 Nd6 26. Kg2 Bh4 27. Re2 Re6 28. Nc3 Rae8 29. a4 bxa4 30. Nxa4 Ra8 31. Nc5 Re7 32. Bd2 Ra2 33. Rc1 Re8 34. Na4 g6 35. Bb1 Rxd2 36. Rxd2 Rxe3 37. Nc5 Nfe8 38. Bd3 Nc7 39. Re2 Rxe2+ 40. Bxe2 Ncb5 41. Bxb5 Nxb5 42. Rd1 Nd6 43. Ra1 Nb5 44. Rd1 Nd6 1/2-1/2

[Event "36th Balaton Open A 2018"]
[Site "Balatonlelle"]
[Date "2018.06.12"]
[Round "1.4"]
[White "Suta, Andraz"]
[Black "Schmuck, Corentin"]
[Result "1-0"]
[ECO "C02"]
[WhiteElo "2239"]
[BlackElo "1925"]
[Annotator "ChessBase"]
[PlyCount "63"]
[EventDate "2018.06.12"]
[EventType "swiss"]
[EventCountry "HUN"]
[SourceTitle "playchess.com"]
[Source "ChessBase"]
[SourceQuality "1"]
[TimeControl "40/5400+30:1800+30"]

1. e4 e6 2. d4 d5 3. e5 c5 4. c3 Qb6 5. Nf3 Nc6 6. a3 c4 7. Nbd2 Na5 8. g3 Bd7 9. h4 Ne7 10. Bh3 Qc7 11. O-O Nc8 12. Ne1 Nb6 13. Ndf3 Nb3 14. Rb1 Be7 15. Ng2 O-O-O 16. Bg5 f6 17. Bf4 f5 18. Bg5 Ba4 19. Nf4 Qd7 20. Qe2 Rdf8 21. g4 g6 22. gxf5 gxf5 23. Kh1 Kb8 24. Rg1 Nc8 25. Rg2 Na5 26. Rbg1 Nc6 27. Bh6 Rf7 28. Rg8 Rxg8 29. Rxg8 Bd8 30. Bg2 Nb6 31. Ng5 Re7 32. Qh5 1-0

[Event "36th Balaton Open A 2018"]
[Site "Balatonlelle"]
[Date "2018.06.12"]
[Round "1.5"]
[White "Radics, Laszlo Dr"]
[Black "Kincs, Imre"]
[Result "0-1"]
[ECO "B11"]
[WhiteElo "1909"]
[BlackElo "2210"]
[Annotator "ChessBase"]
[PlyCount "56"]
[EventDate "2018.06.12"]
[EventType "swiss"]
[EventCountry "HUN"]
[SourceTitle "playchess.com"]
[Source "ChessBase"]
[SourceQuality "1"]
[TimeControl "40/5400+30:1800+30"]

1. e4 c6 2. Nc3 d5 3. Nf3 dxe4 4. Nxe4 Bf5 5. Ng3 Bg6 6. h4 h6 7. Ne5 Bh7 8. Qh5 g6 9. Qf3 Nf6 10. Qb3 Qd5 11. Qxb7 Qxe5+ 12. Be2 e6 13. Qc8+ Ke7 14. Qb7+ Nfd7 15. Qxa8 Qc7 16. d3 Bg7 17. Be3 Bxb2 18. Rb1 Qa5+ 19. Kf1 Qxa2 20. Rd1 a5 21. Qa7 Be5 22. Bc5+ Kf6 23. Ne4+ Kg7 24. d4 Bf6 25. c4 Bd8 26. Rh3 g5 27. Nd6 gxh4 28. Rxh4 Bxh4 0-1

[Event "36th Balaton Open A 2018"]
[Site "Balatonlelle"]
[Date "2018.06.12"]
[Round "1.6"]
[White "Ronce, Nathan"]
[Black "Bellan, Istvan"]
[Result "1-0"]
[ECO "B07"]
[WhiteElo "2210"]
[BlackElo "1875"]
[Annotator "ChessBase"]
[PlyCount "75"]
[EventDate "2018.06.12"]
[EventType "swiss"]
[EventCountry "HUN"]
[SourceTitle "playchess.com"]
[Source "ChessBase"]
[SourceQuality "1"]
[TimeControl "40/5400+30:1800+30"]

1. e4 d6 2. d4 Nf6 3. Nc3 g6 4. h3 Bg7 5. g3 O-O 6. Bg2 Nc6 7. Nge2 e5 8. Be3 Nd7 9. O-O Ne7 10. Qd2 exd4 11. Bxd4 Ne5 12. f4 N5c6 13. Bxg7 Kxg7 14. Nd5 f6 15. Qc3 Bd7 16. Rad1 a5 17. g4 Nxd5 18. exd5 Ne7 19. Nd4 b5 20. a3 Qb8 21. Rfe1 Ng8 22. b4 axb4 23. axb4 Qb6 24. Kh1 Ra4 25. Re2 Qa7 26. Rde1 Ra3 27. Nb3 Rf7 28. Bf3 Qb7 29. Kg2 Qc8 30. Qb2 Ra4 31. Nd4 Kf8 32. Qc3 Rg7 33. Ne6+ Bxe6 34. Rxe6 Qd7 35. g5 f5 36. Re8+ Kf7 37. Rb8 Ra6 38. Ree8 1-0

[Event "36th Balaton Open A 2018"]
[Site "Balatonlelle"]
[Date "2018.06.12"]
[Round "1.7"]
[White "Kaibinger, Karoly"]
[Black "Forgacs, Jozsef"]
[Result "0-1"]
[ECO "B06"]
[WhiteElo "1804"]
[BlackElo "2199"]
[Annotator "ChessBase"]
[PlyCount "104"]
[EventDate "2018.06.12"]
[EventType "swiss"]
[EventCountry "HUN"]
[SourceTitle "playchess.com"]
[Source "ChessBase"]
[SourceQuality "1"]
[TimeControl "40/5400+30:1800+30"]

1. e4 g6 2. d4 d6 3. Nf3 Bg7 4. c3 Nd7 5. Bc4 e6 6. O-O Ne7 7. Be3 d5 8. Bd3 dxe4 9. Bxe4 O-O 10. Qd2 Nf6 11. Bc2 b6 12. Bh6 Bb7 13. Bxg7 Kxg7 14. Ne5 Qd5 15. f3 c5 16. Bb3 Qd6 17. Na3 cxd4 18. Nac4 Qd8 19. cxd4 Nf5 20. Rfd1 Rc8 21. Ne3 Ne7 22. Qf2 Nfd5 23. N3g4 Nf5 24. Bc2 f6 25. Qe2 Rxc2 26. Qxc2 fxe5 27. Qe4 h5 28. Nxe5 Qg5 29. Nd7 Nfe3 30. Rd2 Rf7 31. Qe5+ Qxe5 32. Nxe5 Rc7 33. Re1 Kf6 34. Kf2 Nc4 35. Rde2 Nxe5 36. dxe5+ Kf5 37. h4 Nb4 38. g4+ hxg4 39. fxg4+ Kf4 40. Rd1 Nc6 41. Rd3 Kxg4 42. Rg3+ Kh5 43. Rg5+ Kh6 44. Rd2 Ne7 45. Rd8 Be4 46. Ke3 Bf5 47. Rh8+ Kg7 48. Ra8 Nd5+ 49. Kf3 a5 50. Rb8 Rc4 51. h5 Kh6 52. Rg1 Rf4+ 0-1

[Event "36th Balaton Open A 2018"]
[Site "Balatonlelle"]
[Date "2018.06.12"]
[Round "1.8"]
[White "Nagy, Ervin Dr"]
[Black "Rabovszky, Gyorgy"]
[Result "1/2-1/2"]
[ECO "B32"]
[WhiteElo "2172"]
[BlackElo "1789"]
[Annotator "ChessBase"]
[PlyCount "58"]
[EventDate "2018.06.12"]
[EventType "swiss"]
[EventCountry "HUN"]
[SourceTitle "playchess.com"]
[Source "ChessBase"]
[SourceQuality "1"]
[TimeControl "40/5400+30:1800+30"]

1. e4 c5 2. Nf3 Nc6 3. d4 cxd4 4. Nxd4 e5 5. Nb5 a6 6. Nd6+ Bxd6 7. Qxd6 Qe7 8. Qd2 Nf6 9. Nc3 b5 10. Bd3 Bb7 11. O-O Nb4 12. Re1 Nxd3 13. Qxd3 O-O 14. Bg5 h6 15. Bh4 g5 16. Bg3 Rac8 17. Rad1 b4 18. Nd5 Nxd5 19. exd5 d6 20. f4 gxf4 21. Bxf4 Qf6 22. Bd2 Qg6 23. Qxg6+ fxg6 24. Bxh6 Rf7 25. Rd2 Rc5 26. Be3 Ra5 27. c3 bxc3 28. bxc3 Rxd5 29. c4 Rxd2 1/2-1/2

[Event "36th Balaton Open A 2018"]
[Site "Balatonlelle"]
[Date "2018.06.12"]
[Round "1.9"]
[White "Bernath, Bence"]
[Black "Boguszlavszkij, Jevgenyij"]
[Result "0-1"]
[ECO "B12"]
[WhiteElo "1758"]
[BlackElo "2170"]
[Annotator "ChessBase"]
[PlyCount "76"]
[EventDate "2018.06.12"]
[EventType "swiss"]
[EventCountry "HUN"]
[SourceTitle "playchess.com"]
[Source "ChessBase"]
[SourceQuality "1"]
[TimeControl "40/5400+30:1800+30"]

1. e4 g6 2. d4 c6 3. f4 d5 4. e5 h5 5. Nf3 Nh6 6. Be3 Bg4 7. h3 Bxf3 8. Qxf3 e6 9. Bd3 Na6 10. c3 Qb6 11. Qe2 Nf5 12. Bf2 c5 13. Bxa6 bxa6 14. dxc5 Bxc5 15. Bxc5 Qxc5 16. Qf2 Qe3+ 17. Qxe3 Nxe3 18. Kd2 Nxg2 19. Rf1 Ke7 20. Na3 Rab8 21. b3 Rhc8 22. Nc2 Nh4 23. Nb4 Nf5 24. Nxa6 Rb6 25. Nb4 Ng3 26. Rfc1 Ne4+ 27. Kd3 a5 28. Nc2 Rxc3+ 29. Ke2 Rbc6 30. Kd1 Rd3+ 31. Ke1 Rxh3 32. Kd1 Rh1+ 33. Ne1 Nc3+ 34. Kd2 Rh2+ 35. Kd3 Rh3+ 36. Kd2 d4 37. Nd3 Ne4+ 38. Kd1 Rxd3+ 0-1

[Event "36th Balaton Open A 2018"]
[Site "Balatonlelle"]
[Date "2018.06.12"]
[Round "1.10"]
[White "Gaal, Ede"]
[Black "Farkas, Otto"]
[Result "1-0"]
[ECO "B02"]
[WhiteElo "2141"]
[BlackElo "1609"]
[Annotator "ChessBase"]
[PlyCount "37"]
[EventDate "2018.06.12"]
[EventType "swiss"]
[EventCountry "HUN"]
[SourceTitle "playchess.com"]
[Source "ChessBase"]
[SourceQuality "1"]
[TimeControl "40/5400+30:1800+30"]

1. e4 Nf6 2. e5 Nd5 3. Nf3 d6 4. Nc3 Nxc3 5. dxc3 g6 6. Bc4 Bg7 7. Bf4 O-O 8. Qd2 Bg4 9. O-O-O Nc6 10. exd6 cxd6 11. Qe3 Qc7 12. Bd5 Ne5 13. Bxe5 Bxe5 14. Nxe5 Bxd1 15. Nxf7 Bh5 16. Nh6+ Kg7 17. g4 Qc5 18. Qxe7+ Kxh6 19. g5# 1-0

[Event "36th Balaton Open A 2018"]
[Site "Balatonlelle"]
[Date "2018.06.13"]
[Round "2.1"]
[White "Nagy, Daniel"]
[Black "Metaxasz, Vaszilisz"]
[Result "1-0"]
[ECO "A45"]
[WhiteElo "2312"]
[BlackElo "2047"]
[Annotator "ChessBase"]
[PlyCount "55"]
[EventDate "2018.06.12"]
[EventType "swiss"]
[EventCountry "HUN"]
[SourceTitle "playchess.com"]
[Source "ChessBase"]
[SourceQuality "1"]
[TimeControl "40/5400+30:1800+30"]

1. d4 Nf6 2. Bg5 Ne4 3. Bf4 c5 4. f3 Qa5+ 5. c3 Nf6 6. Nd2 cxd4 7. Nb3 Qd8 8. cxd4 d5 9. e3 e6 10. Ne2 Nc6 11. g4 Bd6 12. h4 h6 13. Qd2 e5 14. dxe5 Bxe5 15. O-O-O Qe7 16. Kb1 Bd7 17. Ned4 O-O-O 18. Bd3 Kb8 19. Nxc6+ Bxc6 20. Nd4 Bd7 21. Rhe1 a6 22. Qa5 Qd6 23. Bxe5 Qxe5 24. Bxa6 bxa6 25. Qb6+ Ka8 26. Qxa6+ Kb8 27. Qb6+ Ka8 28. Rd3 1-0

[Event "36th Balaton Open A 2018"]
[Site "Balatonlelle"]
[Date "2018.06.13"]
[Round "2.2"]
[White "Atkins, Rita"]
[Black "Suta, Andraz"]
[Result "1-0"]
[ECO "D00"]
[WhiteElo "2071"]
[BlackElo "2239"]
[Annotator "ChessBase"]
[PlyCount "89"]
[EventDate "2018.06.12"]
[EventType "swiss"]
[EventCountry "HUN"]
[SourceTitle "playchess.com"]
[Source "ChessBase"]
[SourceQuality "1"]
[TimeControl "40/5400+30:1800+30"]

1. d4 Nf6 2. Bg5 d5 3. e3 c5 4. Bxf6 gxf6 5. dxc5 Nc6 6. Nf3 e6 7. Nc3 Bxc5 8. Be2 f5 9. a3 Bd7 10. b4 Be7 11. O-O Bf6 12. Qd2 O-O 13. Rad1 Qe7 14. Nb5 Rfd8 15. Nbd4 Rac8 16. b5 Ne5 17. Nxe5 Bxe5 18. f4 Bf6 19. Bd3 Kh8 20. Kh1 Rg8 21. a4 Rg6 22. Rg1 Rcg8 23. c4 Rh6 24. h3 Bxd4 25. exd4 Rg3 26. Bf1 dxc4 27. d5 exd5 28. Qxd5 Be6 29. Qd4+ Qf6 30. Qxa7 Rhg6 31. Qxb7 Qh4 32. Qb8+ Kg7 33. Qe5+ Kh6 34. b6 Qh5 35. Qe2 Qh4 36. a5 Bc8 37. Qe8 Bb7 38. Qf8+ Kh5 39. Be2+ Bf3 40. Bxf3+ Rxf3 41. g4+ Rxg4 42. Qxf7+ Kh6 43. Rd6+ Rg6 44. Rdxg6+ hxg6 45. Qxg6# 1-0

[Event "36th Balaton Open A 2018"]
[Site "Balatonlelle"]
[Date "2018.06.13"]
[Round "2.3"]
[White "Kincs, Imre"]
[Black "Trajber, Csaba Dr"]
[Result "1-0"]
[ECO "D02"]
[WhiteElo "2210"]
[BlackElo "2029"]
[Annotator "ChessBase"]
[PlyCount "86"]
[EventDate "2018.06.12"]
[EventType "swiss"]
[EventCountry "HUN"]
[SourceTitle "playchess.com"]
[Source "ChessBase"]
[SourceQuality "1"]
[TimeControl "40/5400+30:1800+30"]

1. d4 Nf6 2. Nf3 e6 3. Bf4 Be7 4. e3 b6 5. Bd3 Bb7 6. Nbd2 d5 7. c3 Nbd7 8. a4 a5 9. Qe2 Ne4 10. h4 Ndf6 11. Ne5 Rc8 12. Ndf3 Nd6 13. Ng5 Nfe4 14. Bb5+ c6 15. Nxe4 Nxe4 16. Bd3 O-O 17. Nf3 f6 18. g4 Bd6 19. Bxd6 Qxd6 20. Bxe4 dxe4 21. Nd2 c5 22. Rh3 e5 23. dxe5 Qxe5 24. Qb5 Qe6 25. Rg3 Ra8 26. O-O-O Ba6 27. Qb3 c4 28. Qc2 Rfe8 29. Nf1 b5 30. axb5 Bxb5 31. Rd4 Bc6 32. Nd2 Bd5 33. Qa4 Rac8 34. Qxa5 Red8 35. Rg1 Ra8 36. Qc7 Rdc8 37. Qf4 Ra2 38. Qf5 Rb8 39. Qxd5 Qxd5 40. Rxd5 Rbxb2 41. Nxe4 Rc2+ 42. Kd1 Rcb2 43. Kc1 Rc2+ 1-0

[Event "36th Balaton Open A 2018"]
[Site "Balatonlelle"]
[Date "2018.06.13"]
[Round "2.4"]
[White "Vukovic, Ivo"]
[Black "Ronce, Nathan"]
[Result "1/2-1/2"]
[ECO "E62"]
[WhiteElo "2031"]
[BlackElo "2210"]
[Annotator "ChessBase"]
[PlyCount "102"]
[EventDate "2018.06.12"]
[EventType "swiss"]
[EventCountry "HUN"]
[SourceTitle "playchess.com"]
[Source "ChessBase"]
[SourceQuality "1"]
[TimeControl "40/5400+30:1800+30"]

1. Nf3 g6 2. d4 Bg7 3. g3 Nf6 4. Bg2 O-O 5. O-O d6 6. c4 c6 7. Nc3 Qa5 8. Re1 Qh5 9. Nd2 Bh3 10. Nf1 Nbd7 11. e3 Qxd1 12. Rxd1 Bxg2 13. Kxg2 a6 14. a4 c5 15. Rb1 Rfc8 16. b3 Rcb8 17. Bb2 Kf8 18. Nd2 Rc8 19. Nf3 Rab8 20. Ba1 b6 21. Nd2 Rb7 22. h3 Ne8 23. Nf3 Nc7 24. Rdc1 Rcb8 25. b4 cxd4 26. exd4 Rc8 27. Ne2 e6 28. Nd2 Ne8 29. f4 Rbc7 30. Kf3 e5 31. a5 exd4 32. axb6 Nxb6 33. c5 Nd7 34. cxd6 Rxc1 35. Rxc1 Rxc1 36. Nxc1 Nxd6 37. Ndb3 Nb5 38. Ke4 Nf6+ 39. Kd3 Nd5 40. Bxd4 Nxb4+ 41. Kc4 Nxd4 42. Kxb4 Ke7 43. Nc5 h5 44. Nxa6 Kd6 45. Kc4 Ne6 46. Ne2 Bh6 47. h4 Bg7 48. Kd3 Bf8 49. Nb4 Nc5+ 50. Ke3 Bg7 51. Nc2 Ne6 1/2-1/2

[Event "36th Balaton Open A 2018"]
[Site "Balatonlelle"]
[Date "2018.06.13"]
[Round "2.5"]
[White "Forgacs, Jozsef"]
[Black "Gunyecz, Zoltan dr"]
[Result "1-0"]
[ECO "D85"]
[WhiteElo "2199"]
[BlackElo "1987"]
[Annotator "ChessBase"]
[PlyCount "53"]
[EventDate "2018.06.12"]
[EventType "swiss"]
[EventCountry "HUN"]
[SourceTitle "playchess.com"]
[Source "ChessBase"]
[SourceQuality "1"]
[TimeControl "40/5400+30:1800+30"]

1. d4 Nf6 2. c4 g6 3. Nc3 d5 4. cxd5 Nxd5 5. e4 Nxc3 6. bxc3 Bg7 7. Nf3 O-O 8. Be3 c5 9. Be2 Nc6 10. O-O cxd4 11. cxd4 Bg4 12. d5 Na5 13. Rc1 a6 14. Bf4 Rc8 15. Rxc8 Qxc8 16. Qa4 b6 17. Rc1 Qa8 18. h3 Bxf3 19. Bxf3 Rc8 20. Qd7 Rxc1+ 21. Bxc1 Bf8 22. Qc7 Qb7 23. Qd8 Kg7 24. Bh6+ Kxh6 25. Qxf8+ Kg5 26. h4+ Kf4 27. Qxf7+ 1-0

[Event "36th Balaton Open A 2018"]
[Site "Balatonlelle"]
[Date "2018.06.13"]
[Round "2.6"]
[White "Boguszlavszkij, Jevgenyij"]
[Black "Ananya Rishi Gupta"]
[Result "1-0"]
[ECO "A07"]
[WhiteElo "2170"]
[BlackElo "1968"]
[Annotator "ChessBase"]
[PlyCount "89"]
[EventDate "2018.06.12"]
[EventType "swiss"]
[EventCountry "HUN"]
[SourceTitle "playchess.com"]
[Source "ChessBase"]
[SourceQuality "1"]
[TimeControl "40/5400+30:1800+30"]

1. g3 d5 2. Bg2 Nf6 3. Nf3 Bf5 4. d3 Nbd7 5. Nh4 Bg6 6. Nc3 c6 7. e4 dxe4 8. Nxg6 hxg6 9. dxe4 e5 10. Qe2 Bc5 11. Bd2 Qe7 12. O-O-O O-O-O 13. h4 Kb8 14. f4 Bd6 15. Be3 Nc5 16. Rxd6 Qxd6 17. fxe5 Qe7 18. exf6 gxf6 19. Qf2 b6 20. e5 fxe5 21. Bg5 f6 22. Qxf6 Qd6 23. Qxd6+ Rxd6 24. Ne4 Nxe4 25. Bxe4 Rg8 26. Be3 Kc7 27. g4 c5 28. Rf1 Rh8 29. Rf7+ Rd7 30. Rxd7+ Kxd7 31. Bg5 Rg8 32. Kd2 Kd6 33. c4 Rg7 34. Ke2 Rg8 35. Be3 Rh8 36. Bf2 Rg8 37. Bd5 Rf8 38. Bg3 b5 39. b3 bxc4 40. Bxc4 Ke7 41. Bxe5 Rd8 42. h5 gxh5 43. gxh5 Kf8 44. Ke3 Rd7 45. h6 1-0

[Event "36th Balaton Open A 2018"]
[Site "Balatonlelle"]
[Date "2018.06.13"]
[Round "2.7"]
[White "Psaila, Clarence"]
[Black "Gaal, Ede"]
[Result "0-1"]
[ECO "E60"]
[WhiteElo "1983"]
[BlackElo "2141"]
[Annotator "ChessBase"]
[PlyCount "122"]
[EventDate "2018.06.12"]
[EventType "swiss"]
[EventCountry "HUN"]
[SourceTitle "playchess.com"]
[Source "ChessBase"]
[SourceQuality "1"]
[TimeControl "40/5400+30:1800+30"]

1. Nf3 Nf6 2. c4 g6 3. g3 Bg7 4. Bg2 O-O 5. O-O d6 6. d4 c5 7. b3 Nc6 8. Bb2 Bg4 9. Nbd2 Qa5 10. h3 Bf5 11. g4 Bd7 12. d5 Nd8 13. a4 e5 14. Qc2 Ne8 15. e4 f6 16. Nb1 Nf7 17. Nc3 Bh6 18. Ne2 Ng7 19. Ne1 Rae8 20. f4 exf4 21. Bxf6 g5 22. Nf3 a6 23. Bc3 Qc7 24. Rae1 b5 25. axb5 axb5 26. Nc1 Ra8 27. e5 dxe5 28. Nxe5 bxc4 29. d6 Nxd6 30. Nxd7 Qxd7 31. Bd5+ Nf7 32. Bxa8 Rxa8 33. bxc4 Ra3 34. Qb2 Ra8 35. Qb6 Rc8 36. Re4 Nd6 37. Rd1 Nge8 38. Be5 Bf8 39. Re2 Qc6 40. Qxc6 Rxc6 41. Bxd6 Nxd6 42. Rd5 h6 43. Rc2 Ne4 44. Kg2 Ra6 45. Ra2 Rf6 46. Rf5 Rxf5 47. gxf5 Nd6 48. Nd3 Nxc4 49. Ra7 Ne3+ 50. Kf3 Nxf5 51. Rc7 Nd4+ 52. Kg4 Ne6 53. Rc6 Kf7 54. Ne5+ Ke7 55. Ng6+ Kd7 56. Ne5+ Ke7 57. Ng6+ Kd7 58. Ne5+ Ke7 59. Ng6+ Kd7 60. Rxe6 Kxe6 61. Nxf8+ Kd5 0-1

[Event "36th Balaton Open A 2018"]
[Site "Balatonlelle"]
[Date "2018.06.13"]
[Round "2.8"]
[White "Hogea, Calin"]
[Black "Shatkovskaia, Elizaveta"]
[Result "0-1"]
[ECO "A21"]
[WhiteElo "2112"]
[BlackElo "1287"]
[Annotator "ChessBase"]
[PlyCount "99"]
[EventDate "2018.06.12"]
[EventType "swiss"]
[EventCountry "HUN"]
[SourceTitle "playchess.com"]
[Source "ChessBase"]
[SourceQuality "1"]
[TimeControl "40/5400+30:1800+30"]

1. c4 e5 2. Nc3 f5 3. g3 Nf6 4. Bg2 Bc5 5. d3 d6 6. Nf3 O-O 7. O-O c6 8. d4 exd4 9. Nxd4 Re8 10. Qd3 Bxd4 11. Qxd4 c5 12. Qd3 Qd7 13. Bg5 Rf8 14. Rad1 Ne8 15. Nb5 Nc6 16. Nxd6 Ne5 17. Qd5+ Nf7 18. Nxf7 Qxf7 19. Qxf7+ Kxf7 20. Rd8 Nc7 21. Rd6 Rb8 22. Bf4 Ne6 23. Bd5 Ke7 24. Be5 g6 25. Rd1 Nd4 26. e3 Ne6 27. h3 Nc7 28. Bg2 Ne6 29. f4 b5 30. Rc6 Bb7 31. Bxb8 Bxc6 32. Bd6+ Kf7 33. Bxc6 Rd8 34. Bf3 bxc4 35. Be5 Rxd1+ 36. Bxd1 Nd8 37. Be2 Ke7 38. Bxc4 Nc6 39. Bc3 h5 40. Kf2 Nd8 41. Kf3 Nb7 42. g4 Nd6 43. Bd3 c4 44. Be2 hxg4+ 45. hxg4 Ke6 46. Bb4 fxg4+ 47. Kxg4 Ne4 48. Bxc4+ Kf6 49. Kf3 Kf5 50. Bd3 0-1

[Event "36th Balaton Open A 2018"]
[Site "Balatonlelle"]
[Date "2018.06.13"]
[Round "2.9"]
[White "Rabovszky, Gyorgy"]
[Black "Haszon, David"]
[Result "0-1"]
[ECO "B23"]
[WhiteElo "1789"]
[BlackElo "2246"]
[Annotator "ChessBase"]
[PlyCount "50"]
[EventDate "2018.06.12"]
[EventType "swiss"]
[EventCountry "HUN"]
[SourceTitle "playchess.com"]
[Source "ChessBase"]
[SourceQuality "1"]
[TimeControl "40/5400+30:1800+30"]

1. e4 c5 2. Nc3 d6 3. f4 g6 4. Bc4 Bg7 5. Nf3 Nc6 6. f5 Ne5 7. Nxe5 dxe5 8. fxg6 hxg6 9. Qf3 Nf6 10. d3 Bg4 11. Qg3 Qd6 12. Bb5+ Bd7 13. Be3 Bxb5 14. Nxb5 Qb6 15. a4 a6 16. Na3 Qb4+ 17. Ke2 c4 18. Nxc4 Nxe4 19. Qf3 Nd6 20. c3 Qb3 21. Rhf1 O-O 22. Ra3 Qc2+ 23. Nd2 Rad8 24. c4 e4 25. dxe4 Nxc4 0-1

[Event "36th Balaton Open A 2018"]
[Site "Balatonlelle"]
[Date "2018.06.13"]
[Round "2.10"]
[White "Terbe, Julianna"]
[Black "Moskaleva, Arina"]
[Result "1-0"]
[ECO "D33"]
[WhiteElo "2242"]
[BlackElo "1582"]
[Annotator "ChessBase"]
[PlyCount "55"]
[EventDate "2018.06.12"]
[EventType "swiss"]
[EventCountry "HUN"]
[SourceTitle "playchess.com"]
[Source "ChessBase"]
[SourceQuality "1"]
[TimeControl "40/5400+30:1800+30"]

1. Nf3 c5 2. c4 Nf6 3. Nc3 e6 4. g3 d5 5. cxd5 exd5 6. d4 cxd4 7. Nxd4 Nc6 8. Bg2 Bc5 9. Nb3 Bb4 10. O-O Bxc3 11. bxc3 O-O 12. Be3 Re8 13. Qc2 Ne5 14. Rad1 h6 15. Bd4 Bg4 16. Rfe1 a6 17. f3 Bd7 18. Nc5 Bc6 19. e4 Qc7 20. f4 Ned7 21. exd5 Rxe1+ 22. Rxe1 Nxd5 23. Bxd5 Bxd5 24. Re7 Rd8 25. Qf5 Qc6 26. Rxd7 Re8 27. Qxd5 Qxd5 28. Rxd5 1-0

[Event "36th Balaton Open A 2018"]
[Site "Balatonlelle"]
[Date "2018.06.14"]
[Round "3"]
[White "Haszon, David"]
[Black "Atkins, Rita"]
[Result "1-0"]
[ECO "C06"]
[WhiteElo "2246"]
[BlackElo "2071"]
[Annotator "NA"]
[PlyCount "81"]
[EventDate "2018.06.12"]
[EventType "swiss"]
[EventCountry "HUN"]
[SourceTitle "playchess.com"]
[Source "ChessBase"]
[SourceQuality "1"]
[TimeControl "40/5400+30:1800+30"]

1. d4 d5 2. e4 e6 3. Nd2 Nf6 4. e5 Nfd7 $14 5. Bd3 c5 6. c3 Nc6 7. Ne2 cxd4 8. cxd4 f6 9. exf6 Nxf6 10. Nf3 Bd6 11. O-O Qc7 12. h3 O-O 13. Be3 Bd7 14. Re1 Be8 15. Rc1 h6 16. a3 Nh5 17. Bb1 Rf6 18. b4 a6 19. Ne5 Bxe5 20. dxe5 Qxe5 21. g4 Rf3 22. Kg2 Rxe3 23. fxe3 Nf6 24. Nd4 Ne4 25. Bxe4 Qxe4+ 26. Qf3 Qe5 27. Qg3 Qe4+ 28. Nf3 Bg6 29. Kh2 Rf8 30. Nh4 Bh7 31. Rf1 Rxf1 32. Rxf1 Qc2+ 33. Rf2 Qc1 34. g5 Be4 35. Ng2 hxg5 36. Qxg5 d4 37. Qf4 Bf5 38. e4 Qxf4+ 39. Nxf4 Bxe4 40. Nxe6 d3 41. Rf8+ 1-0

[Event "36th Balaton Open A 2018"]
[Site "Balatonlelle"]
[Date "2018.06.14"]
[Round "3"]
[White "Suta, Andraz"]
[Black "Vukovic, Ivo"]
[Result "1/2-1/2"]
[ECO "C60"]
[WhiteElo "2239"]
[BlackElo "2031"]
[Annotator "NA"]
[PlyCount "115"]
[EventDate "2018.06.12"]
[EventType "swiss"]
[EventCountry "HUN"]
[SourceTitle "playchess.com"]
[Source "ChessBase"]
[SourceQuality "1"]
[TimeControl "40/5400+30:1800+30"]

1. e4 e5 2. Nf3 Nc6 3. Bb5 Nge7 4. Nc3 d6 5. d4 exd4 6. Nxd4 Bd7 7. Be3 Nxd4 8. Bxd7+ Qxd7 9. Qxd4 Nc6 10. Qa4 Be7 11. Nd5 O-O 12. Nxe7+ Qxe7 13. O-O Rab8 14. Rfe1 Rfe8 15. Bd2 a6 16. c4 Qe6 17. Qc2 f6 18. h3 Qf7 19. Re3 Re7 20. Rae1 Rbe8 21. b3 Kh8 22. a4 a5 23. Bc3 b6 24. Qd3 Kg8 25. Kf1 Nb8 26. Qd5 Nd7 27. Bd4 Kf8 28. Qf5 Qg6 29. Qxg6 hxg6 30. f3 Kf7 31. Kf2 Nb8 32. Bb2 Na6 33. Ba3 Nb8 34. Bb2 Na6 35. R1e2 Nb8 36. f4 Nd7 37. e5 Nc5 38. Kf3 fxe5 39. fxe5 dxe5 40. Rxe5 Nxb3 41. Rxe7+ Rxe7 42. Rxe7+ Kxe7 43. Bxg7 Nd2+ 44. Ke2 Nxc4 45. h4 b5 46. axb5 Nd6 47. Bc3 Nxb5 48. Bxa5 Nd4+ 49. Kd3 Nf5 50. Be1 Ke6 51. g4 Ne7 52. Bg3 Nd5 53. h5 gxh5 54. gxh5 Kf5 55. h6 Kg6 56. h7 Kxh7 57. Bxc7 Nxc7 58. Ke4 1/2-1/2